AoeStats
← judge0625

Arena

510301598Analyzed
1v1 RM · 3d ago on Sep 30, 2026· 37m 35s· 2 players
Game mode
Random Map
Map size
Tiny (2 player)
Population
200
Speed
Normal
Resources
Standard
Victory
Conquest
Starting age
Dark Age
Ending age
Imperial Age
RankedLock teamsTeams togetherTeam positionsShared explorationLock speedFull tech treeHidden civsTurbo modeCheats
Victory
Defeat
🇪🇸 Romans · Spain
802
+14
🇹🇷 Britons · Türkiye
768
-14
judge0625
11:16 Feudal Age
12:32 Wheelbarrow
19:54 Castle Age
18:02 Horse Collar
18:46 Gold Mining
19:01 Double-Bit Axe
26:41 Imperial Age
25:00 Padded Archer Armor
26:04 Gold Shaft Mining
26:35 Leather Archer Armor
26:38 Fletching
27:51 Hand Cart
32:40 Bow Saw
32:09 Elite Longbowman
32:52 Bodkin Arrow
36:54 Two-Man Saw
37:05 Bracer
Dentato
11:37 Feudal Age
15:10 Castle Age
12:59 Double-Bit Axe
13:02 Horse Collar
15:09 Town Watch
18:05 Bow Saw
18:06 Heavy Plow
20:27 Loom
28:34 Imperial Age
26:43 Wheelbarrow
28:17 Hand Cart
28:43 Ballistas
29:03 Gold Mining
30:00 Conscription
30:48 Chemistry
30:09 Ballistics
31:47 Gold Shaft Mining
31:02 Stone Mining
31:11 Heavy Scorpion
31:13 Capped Ram
31:35 Pikeman
32:16 Squires
33:05 Siege Ram
33:15 Halberdier
37:52 Siege Engineers
37:17 Light Cavalry
38:08 Bloodlines
Connection lost

Rejoining the realm…

Still unreachable

The connection could not be restored.

Session expired

The server has moved on; the page needs a fresh start.